 Dungeon Crawl Stone Soup version 0.31-a0-618-g7ca08c1ff9 (webtiles) character file.

Game seed: 14594293924115522307

2831 javelincjr the Covert (level 9, -1/51 HPs)
             Began as an Octopode Conjurer on Aug 22, 2023.
             Was a Follower of Vehumet.
             Slain by a slime creature (3 damage)
             ... on level 8 of the Dungeon.
             The game lasted 00:33:16 (9598 turns).

javelincjr the Covert (Octopode Conjurer)           Turns: 9598, Time: 00:33:16

Health: -1/51      AC:  1    Str:  6    XL:     9   Next: 73%
Magic:  0/18       EV: 15    Int: 24    God:    Vehumet [*.....]
Gold:   357        SH:  5    Dex: 11    Spells: 15/20 levels left

rFire   . . .        t - staff of conjuration
rCold   . . .        (no shield)
rNeg    . . .        (helmet restricted)
rPois   +            z - amulet of reflection
rElec   .            n - ring of poison resistance
rCorr   +            G - ring of resist corrosion
SInv    .            (no ring)
Will    .....        (no ring)
Stlth   +++++        (no ring)
HPRegen 0.28/turn    (no ring)
MPRegen 0.16/turn    (no ring)
                     (no ring)

%: reflection
@: no status effects
A: almost no armour, amphibious, 8 rings, camouflage 1, gelatinous body 1,
(nimble swimmer 1), tentacles
a: Renounce Religion


You were on level 8 of the Dungeon.
You worshipped Vehumet.
Vehumet was aware of your devotion.
You visited 2 branches of the dungeon, and saw 9 of its levels.

You collected 357 gold pieces.

Inventory:

Hand Weapons
 C - a +3 dagger
 I - a +6 flail
Missiles
 u - 3 atropa-tipped darts
 x - 25 poisoned darts
Armour
 v - a +0 kite shield
Magical Staves
 t - a staff of conjuration (weapon)
Jewellery
 n - a ring of poison resistance (left tentacle)
 p - an amulet of the acrobat
 z - an amulet of reflection (around mantle)
 G - a ring of resist corrosion (right tentacle)
Wands
 A - a wand of digging (7)
 D - a wand of paralysis (6)
 E - a wand of roots (11)
Scrolls
 b - a scroll of blinking {unknown}
 d - 5 scrolls of noise {unknown}
 e - 5 scrolls of identify {unknown}
 f - 4 scrolls of teleportation {unknown}
 h - 4 scrolls of immolation {unknown}
 i - 4 scrolls of enchant armour {unknown}
 k - a scroll of brand weapon {unknown}
 l - a scroll of amnesia {unknown}
 o - 2 scrolls of fog {unknown}
 s - a scroll of fear {unknown}
 y - a scroll of enchant weapon {unknown}
Potions
 a - 3 potions of magic
 c - a potion of mutation {unknown}
 g - 3 potions of heal wounds {unknown}
 j - 2 potions of might {unknown}
 m - a potion of brilliance {unknown}
 q - 2 potions of berserk rage {unknown}
 r - 3 potions of curing {unknown}
 w - a potion of cancellation {unknown}
 B - a potion of attraction {unknown}
 F - a potion of lignification {unknown}
 H - a potion of enlightenment {unknown}


   Skills:
 + Level 6.8 Dodging
 + Level 9.7 Stealth
 + Level 6.3 Spellcasting
 + Level 7.7 Conjurations


You had 15 spell levels left.
You knew the following spells:

 Your Spells              Type           Power      Damage    Failure   Level
a - Magic Dart            Conj           100%       1d8       1%          1
b - Searing Ray           Conj           100%       2d8       1%          2
c - Blink                 Tloc           14%        N/A       12%         2

Your spell library contained the following spells:

 Spells                   Type           Power      Damage    Failure   Level
 Sandblast                Erth           14%        2d6       8%          1
 Shock                    Conj/Air       100%       1d9       1%          1
 Dazzling Flash           Conj/Hex       78%        N/A       4%          3
 Cigotuvi's Dreadful Rot  Necr/Pois/Air  14%        N/A       12%         2
 Fulminant Prism          Conj/Hex       19%        3d10      16%         4
 Iskenderun's Mystic Bla  Conj/Tloc      39%        2d9       16%         4
 Ignite Poison            Fire/Tmut/Pois 7%         N/A       24%         3
 Swiftness                Air            7%         N/A       24%         3
 Volatile Blastmotes      Fire/Tloc      14%        2d11      24%         3
 Freezing Cloud           Conj/Ice/Air   14%        6-21      58%         5
 Airstrike                Air            3%         2d(1-17)  61%         4
 Manifold Assault         Tloc           7%         N/A       61%         4
 Summon Ice Beast         Ice/Summ       7%         N/A       61%         4
 Summon Mana Viper        Hex/Summ       7%         N/A       91%         5
 Monstrous Menagerie      Summ           3%         N/A       100%        7


Dungeon Overview and Level Annotations

Branches:
Dungeon (8/15)             Temple (1/1) D:5
   Lair: D:8-11

Altars:
Ashenzari
Cheibriados
Dithmenos
Fedhas
Gozag
Hepliaklqana
Kikubaaqudgha
Makhleb
Nemelex Xobeh
Okawaru
Qazlal
Ru
Sif Muna
Trog
Uskayaw
Vehumet
Wu Jian
Xom
Yredelemnul
Zin
The Shining One

Annotations:
D:5 1 runed translucent door, Age's ghost, amateur MiFi


Innate Abilities, Weirdness & Mutations

You cannot wear most types of armour.
You are amphibious.
You can wear up to eight rings at the same time.
Your skin changes colour to match your surroundings (Stealth+).
Your rubbery body absorbs attacks. (AC +1, EV +1)
((You are camouflaged when in or above water. (Stealth+)))
You have tentacles for arms and can constrict up to eight enemies at once.


Message History

The bullfrog completely misses you.
You feel a surge of power!
The magic dart hits the bullfrog.
You kill the bullfrog!
Vehumet accepts your kill.
You feel a surge of power!
The magic dart hits the slime creature.
The slime creature is lightly wounded.
You feel a surge of power!
The magic dart hits the slime creature.
The slime creature is lightly wounded.
Casting: Magic Dart (safe; 1% risk of failure)
Confirm with . or Enter, or press ? or * to list all spells.
Aiming: Searing Ray (safe; 1% risk of failure)
Press: ? - help, Shift-Dir - straight line, f/p - slime creature
Aim: a slime creature (lightly wounded, 96% to hit)
You feel a surge of power!
The searing ray hits the slime creature.
The slime creature is lightly wounded. (Press . to maintain the ray.)
The searing ray hits the slime creature!
The slime creature is moderately wounded.
The slime creature hits you!!
The searing ray hits the slime creature!
The slime creature is heavily wounded.
The slime creature hits you.
The searing ray hits the slime creature.
The slime creature is heavily wounded.
You finish channelling your searing ray.
The slime creature hits you.
Casting: Searing Ray (safe; 1% risk of failure)
Confirm with . or Enter, or press ? or * to list all spells.
Aiming: Magic Dart (safe; 1% risk of failure)
Press: ? - help, Shift-Dir - straight line, f/p - slime creature
Aim: a slime creature (heavily wounded, 100% to hit)
You feel a surge of power!
The magic dart hits the slime creature.
The slime creature is severely wounded.
The slime creature hits you!!
* * * LOW HITPOINT WARNING * * *
You hit the slime creature.
You blast the slime creature!
The slime creature is severely wounded.
The slime creature hits you.
You die...

# ################# .
#.............).. .
#.....J@.........#..
#..#####).#####..#....
......#..#......#....##
......#..#..... #......
####..#..#..#####....##
.....#..#.....c#....#.
......#..#......##.....
..#####..#####..#......
..!h..#..#..... #..#...


You could see a slime creature.

Vanquished Creatures
  A two-headed ogre (D:8)
  2 wyverns (D:7)
  A water moccasin (D:7)
  An ice beast (D:7)
  2 orc warriors
  A centaur (D:8)
  A phantom (D:5)
  2 kobold brigands
  A bullfrog (D:8)
  3 scorpions (D:5)
  3 wights (D:8)
  4 electric eels (D:6)
  2 hounds
  2 jellies
  3 orc priests
  2 sleepcaps
  Jessica (D:3)
  3 iguanas
  5 orc wizards
  4 gnolls (D:4)
  7 adders
  2 shadow imps (D:5)
  3 dart slugs
  A worm (D:3)
  19 orcs
  5 ball pythons
  7 endoplasms
  12 hobgoblins
  8 jackals
  17 kobolds
  2 quokkas
  5 bats
  3 frilled lizards
  17 goblins
  8 rats
160 creatures vanquished.

Vanquished Creatures (others)
  Robin (D:4)
  2 goblins (D:4)
3 creatures vanquished.

Grand Total: 163 creatures vanquished

Notes
Turn   | Place    | Note
-------+----------+-------------------------------------------
     0 | D:1      | javelincjr the Octopode Conjurer began the quest for the
                  | Orb.
     0 | D:1      | Reached XP level 1. HP: 11/11 MP: 3/3
    46 | D:1      | Found a faded altar of an unknown god.
   235 | D:1      | Reached skill level 3 in Stealth
   235 | D:1      | Reached XP level 2. HP: 3/17 MP: 0/5
  1062 | D:2      | Reached XP level 3. HP: 21/21 MP: 1/6
  1362 | D:2      | Reached XP level 4. HP: 27/27 MP: 3/7
  1437 | D:2      | Learned a level 2 spell: Searing Ray
  1440 | D:2      | Learned a level 2 spell: Blink
  2529 | D:3      | Reached skill level 4 in Stealth
  2944 | D:3      | Noticed Jessica
  2948 | D:3      | Killed Jessica
  2949 | D:3      | Reached XP level 5. HP: 31/31 MP: 2/9
  3148 | D:3      | Identified the +2 pair of boots "Sousae" {-Tele Harm Int+4}
  3789 | D:4      | Noticed an orc warrior
  4097 | D:4      | Found a broken altar of Ashenzari.
  4135 | D:4      | Found a stormy altar of Qazlal.
  4139 | D:4      | Killed Robin
  4459 | D:4      | Reached XP level 6. HP: 36/36 MP: 4/10
  4463 | D:4      | Reached skill level 5 in Conjurations
  4641 | D:4      | Reached skill level 5 in Stealth
  4711 | D:4      | Killed an orc warrior
  5241 | D:5      | Entered Level 5 of the Dungeon
  5430 | D:5      | Found a staircase to the Ecumenical Temple.
  5441 | Temple   | Entered the Ecumenical Temple
  5509 | D:5      | Reached XP level 7. HP: 41/41 MP: 7/12
  5888 | D:5      | Reached skill level 6 in Stealth
  6204 | D:5      | Found a runed translucent door.
  6209 | D:5      | Noticed Age's ghost (amateur MiFi)
  6268 | D:5      | Found a radiant altar of Vehumet.
  6270 | D:5      | Found a sacrificial altar of Ru.
  6277 | D:5      | Became a worshipper of Vehumet
  6754 | D:6      | Reached XP level 8. HP: 34/46 MP: 8/14
  7057 | D:6      | Reached skill level 7 in Stealth
  7071 | D:5      | Reached skill level 5 in Dodging
  7602 | D:6      | Found a shadowy altar of Dithmenos.
  8042 | D:7      | Reached skill level 5 in Spellcasting
  8072 | D:7      | Noticed a wyvern
  8076 | D:7      | Killed a wyvern
  8077 | D:7      | Reached skill level 8 in Stealth
  8166 | D:7      | Noticed a wyvern
  8227 | D:7      | Killed a wyvern
  8228 | D:7      | Reached XP level 9. HP: 48/51 MP: 11/17
  8497 | D:7      | Found a flagged portal.
  9404 | D:8      | Found a shimmering blue altar of Sif Muna.
  9498 | D:8      | Reached skill level 9 in Stealth
  9502 | D:8      | Noticed a hornet
  9523 | D:8      | Noticed a two-headed ogre
  9532 | D:8      | Killed a two-headed ogre
  9532 | D:8      | Reached * piety under Vehumet
  9532 | D:8      | Offered knowledge of Sandblast by Vehumet.
  9597 | D:8      | HP: 2/51 [slime creature (21)]
  9598 | D:8      | Slain by a slime creature

Illustrated notes

Levels and vault maps discovered:
D:1:      minmay_arrival_shoal_huts, layout_loops_cross,
          ebering_ecumenical_altar_webs, kennysheep_flooded_box
D:2:      layout_basic, minivault_25
D:3:      layout_basic, hex_medium, uniq_jessica
D:4:      layout_layer_cave, nicolae_qazlal_scattered_showers,
          old_standard_altar, kennysheep_generic_room_5, uniq_robin
D:5:      layout_cave_pods, minitemple, minmay_temple_entry_waves,
          hellmonk_ghost_happy_afterlife
D:6:      layout_rooms, nicolae_dithmenos_the_darkroom, serial_bayou,
          serial_bayou_pond_c, serial_bayou_lake_a, serial_bayou_shore_b,
          serial_bayou_crossing
D:7:      layout_loops_ring, enter_bailey_8, nicolae_twisty_statue_hallways
D:8:      kennysheep_windowed_halls, layout_rooms, tgw_sif, serial_glass,
          glass_columns_b, glass_columns_c
Temple:   hellmonk_temple_two_chambers

Skill      XL: |  1  2  3  4  5  6  7  8  9 |
---------------+----------------------------+-----
Stealth        | 3 4 5 6 8 9 |  9.7
Dodging        | 3 4 5 6 |  6.8
Spellcasting   | 3 4 5 6 |  6.3
Conjurations   | 5 6 7 |  7.7

Action                     |  1- 3 |  4- 6 |  7- 9 || total
---------------------------+-------+-------+-------++-------
  Melee: Unarmed           |    10 |       |       ||    10
         Constrict         |     3 |       |     3 ||     6
         Tentacles         |     1 |       |     3 ||     4
         Punch             |     1 |       |     2 ||     3
         Staff             |       |     3 |    11 ||    14
   Cast: Magic Dart        |    57 |   111 |   106 ||   274
         Searing Ray       |       |    18 |    35 ||    53
 Armour: Skin              |     2 |       |     1 ||     3
  Dodge: Dodged            |     8 |    10 |    26 ||    44
  Block: Other             |       |       |     7 ||     7

Table legend: (Time is in decaauts)
 A = Elapsed time spent in this place.
 B = Non-inter-level travel time spent in this place.
 C = Inter-level travel time spent in this place.
 D = Time resting spent in this place.
 E = Time spent auto-exploring this place.
 F = Levels seen in this place.
 G = Mean time per level.
                   A        B        C        D        E       F      G
               +--------+--------+--------+--------+--------+-----+--------+
         Total |   9598 |   9430 |    168 |   1146 |   7215 |   9 | 1066.4 |
       Dungeon |   9597 |   9429 |    168 |   1146 |   7215 |   8 | 1199.6 |
        Temple |      1 |      1 |      0 |      0 |      0 |   1 |    1.0 |
               +--------+--------+--------+--------+--------+-----+--------+

Top non-repeatable levels by time:
     D:4: 1785 daAuts
     D:6: 1403 daAuts
     D:5: 1381 daAuts
     D:2: 1332 daAuts
     D:7: 1173 daAuts
     D:3: 1123 daAuts
     D:1: 998 daAuts
     D:8: 398 daAuts
  Temple: 1 daAuts
